 Dungeon Crawl Stone Soup version 0.26-a0-812-g31a745ddcd (webtiles) character file.

Game seed: 5080742834353678044

1652 snetch the Cleaver (level 9, 0/77 (78) HPs)
             Began as a Hill Orc Monk on Nov 13, 2020.
             Was an Elder of Fedhas.
             Slain by an orc warrior
             ... wielding a +1 war axe of freezing
              (2 damage)
             ... on level 6 of the Dungeon.
             The game lasted 00:13:32 (4996 turns).

snetch the Cleaver (Hill Orc Monk)                  Turns: 4996, Time: 00:13:33

HP:   0/77 (78)     AC: 13    Str: 17    XL:     9   Next: 0%
MP:   9/9           EV: 11    Int: 10    God:    Fedhas [****..]
Gold: 164           SH:  0    Dex: 13    Spells: 8/8 levels left

rFire    + . .     SeeInvis .   a - +2 hand axe (vorpal)
rCold    . . .     Faith    .   (no shield)
rNeg     . . .     Spirit   .   t - +2 scale mail {rF+}
rPois    .         Reflect  .   p - +0 helmet
rElec    .         Harm     .   x - +2 cloak
rCorr    .         Rampage  .   (no gloves)
MR       .....                  (no boots)
Stlth    +.........             i - amulet of magic regeneration (curse)
HPRegen  0.22/turn              (no ring)
MPRegen  0.36/turn              (no ring)

@: no status effects
A: no striking features
a: Wall of Briars, Grow Ballistomycete, Overgrow, Renounce Religion


You were on level 6 of the Dungeon.
You worshipped Fedhas.
Fedhas was greatly pleased with you.
You visited 1 branch of the dungeon, and saw 6 of its levels.

You collected 164 gold pieces.

Inventory:

Hand Weapons
 a - a +2 vorpal hand axe (weapon)
 b - a +1 flail of protection
 u - a +0 trident
Missiles
 c - 34 sling bullets
 e - 27 poisoned darts (quivered)
 h - 101 stones
 s - 68 arrows
 y - 4 boomerangs
Armour
 p - a +0 helmet (worn)
 t - a +2 scale mail of fire resistance (worn)
 x - a +2 cloak (worn)
Magical Staves
 w - an uncursed staff of earth
Jewellery
 i - a cursed amulet of magic regeneration (around neck)
Scrolls
 d - 5 scrolls of identify {unknown}
 j - 2 scrolls of immolation {unknown}
 k - 4 scrolls of magic mapping {unknown}
 n - 2 scrolls of remove curse {unknown}
 o - 2 scrolls of teleportation {unknown}
 r - a scroll of enchant weapon {unknown}
 z - 3 scrolls of enchant armour {unknown}
 A - a scroll of fog {unknown}
Potions
 f - a potion of berserk rage {unknown}
 g - 4 potions of curing {unknown}
 l - a potion of haste
 m - 3 potions of magic {unknown}
 q - a potion of mutation {unknown}
 v - a potion of heal wounds {unknown}


   Skills:
 + Level 6.4 Fighting
 + Level 10.0(10.1) Axes
 + Level 1.2(5.4) Maces & Flails
 + Level 5.1 Armour
 + Level 4.3 Dodging
 + Level 2.8 Stealth
 + Level 0.4 Invocations


You had 8 spell levels left.
You didn't know any spells.
Your spell library contained the following spells:

 Spells                   Type           Power        Failure   Level
 Magic Dart               Conj           #...         75%         1
 Blink                    Tloc           N/A          87%         2
 Call Imp                 Summ           #.......     87%         2
 Slow                     Hex            #.......     87%         2
 Conjure Flame            Conj/Fire      #.......     98%         3
 Mephitic Cloud           Conj/Pois/Air  #.......     98%         3


Dungeon Overview and Level Annotations

Branches:
Dungeon (6/15)
 Temple: D:4-7

Altars:
Fedhas
Makhleb

Annotations:
D:5 2 runed translucent doors


Message History

You slash the bullfrog!
You kill the bullfrog!
Fedhas accepts your kill.
Your Axes skill increases to level 10!
You have reached level 9!
Your experience leads to an increase in your attributes!
Increase (S)trength, (I)ntelligence, or (D)exterity?
You feel stronger.
You barely miss the orc warrior.
The orc warrior hits you but does no damage.
You closely miss the orc warrior.
The orc warrior is severely wounded.
Unknown command.
You hit the orc warrior but do no damage.
The orc warrior is severely wounded.
The orc warrior hits you with a +1 war axe of freezing.
* * * LOW HITPOINT WARNING * * *
The orc warrior freezes you.
You die...
Fedhas appreciates your contribution to the ecosystem.

#..##
#.<.#######
..#
##........#
#..
#.######F....
..## #.. ##.
##... ###.
#...# . #...#
. #...# .
###@.#
....###)†o.#
#...)<..#
#....##))#.#
#... #.##$#
.. #.# .# #[#
## ..# .<.


You could see an orc warrior.

Vanquished Creatures
  Prince Ribbit (D:5)
  Sigmund (D:2)
  Edmund (D:4)
  An orc warrior (D:6)
  A necrophage (D:5)
  A phantom (D:5)
  2 ogres
  A centaur (D:4)
  A bullfrog (D:6)
  A scorpion (D:4)
  3 iron imps (D:3)
  6 orc wizards
  An iguana (D:5)
  Terence (D:2)
  A worker ant (D:4)
  Robin (D:2)
  4 adders
  3 gnolls (D:4)
  A shadow imp (D:5)
  2 oozes (D:3)
  A worm (D:2)
  A dart slug (D:3)
  2 leopard geckos
  13 orcs
  2 bats
  A giant cockroach (D:1)
  12 goblins
  5 hobgoblins
  A ball python (D:3)
  3 frilled lizards
  4 kobolds
  A leopard gecko zombie (D:5)
  7 rats
87 creatures vanquished.

Vanquished Creatures (collateral kills)
  An ice beast (D:5)
1 creature vanquished.

Vanquished Creatures (others)
  A fungus (D:5)
  2 plants (D:5)
3 creatures vanquished.

Grand Total: 91 creatures vanquished

Notes
Turn   | Place    | Note
-------+----------+-------------------------------------------
     0 | D:1      | snetch the Hill Orc Monk began the quest for the Orb.
     0 | D:1      | Reached XP level 1. HP: 19/19 MP: 1/1
   276 | D:1      | Reached XP level 2. HP: 27/27 MP: 2/2
   746 | D:2      | Found a faded altar of an unknown god.
   759 | D:2      | Became a worshipper of Fedhas Madash
   759 | D:2      | Reached * piety under Fedhas
   759 | D:2      | Reached ** piety under Fedhas
   850 | D:3      | Reached XP level 3. HP: 21/33 MP: 3/3
  1100 | D:2      | Noticed Robin
  1104 | D:2      | Reached *** piety under Fedhas
  1115 | D:2      | Killed Robin
  1115 | D:2      | Reached skill level 5 in Axes
  1115 | D:2      | Reached XP level 4. HP: 5/40 MP: 4/4
  1691 | D:2      | Noticed Terence
  1700 | D:2      | Killed Terence
  1832 | D:3      | Reached XP level 5. HP: 34/47 MP: 5/5
  2145 | D:2      | Noticed Sigmund
  2156 | D:2      | Killed Sigmund
  2156 | D:2      | Reached skill level 6 in Axes
  2156 | D:2      | Reached XP level 6. HP: 43/55 MP: 6/6
  2761 | D:3      | Found a burning altar of Makhleb.
  2788 | D:3      | Reached skill level 5 in Fighting
  2788 | D:3      | Reached skill level 7 in Axes
  2788 | D:3      | Reached skill level 1 in Maces & Flails
  3233 | D:5      | Entered Level 5 of the Dungeon
  3269 | D:4      | Reached skill level 1 in Armour
  3269 | D:4      | Reached XP level 7. HP: 8/61 MP: 7/7
  3617 | D:4      | Reached **** piety under Fedhas
  3865 | D:5      | Reached skill level 8 in Axes
  3887 | D:5      | Reached XP level 8. HP: 42/69 MP: 8/8
  3903 | D:5      | Found a runed translucent gate.
  4164 | D:5      | Noticed Prince Ribbit
  4186 | D:5      | Killed Prince Ribbit
  4186 | D:5      | Reached skill level 9 in Axes
  4372 | D:4      | Noticed Edmund
  4397 | D:4      | Killed Edmund
  4612 | D:5      | Identified the cursed +2 short sword of Honour {chaos,
                  | *Rage rPois Int+3}
  4613 | D:5      | Found a runed translucent gate.
  4982 | D:6      | Reached skill level 5 in Armour
  4994 | D:6      | Reached skill level 10 in Axes
  4994 | D:6      | Reached XP level 9. HP: 6/77 MP: 9/9
  4996 | D:6      | HP: 2/77 [orc warrior/+1 war axe of freezing (5)]
  4996 | D:6      | Slain by an orc warrior

Illustrated notes

Levels and vault maps discovered:
D:1:      sevenhm_arrival_forest_fort_large_2, layout_rooms, serial_forest,
          infiniplex_forest_clump_curved, infiniplex_forest_clump_diagonal,
          infiniplex_forest_clump_curved, infiniplex_forest_clump_medium,
          infiniplex_forest_straight_2
D:2:      layout_basic, chequers_ecumenical_altar_simple_redux, uniq_robin,
          uniq_terence, uniq_sigmund
D:3:      layout_basic, demons_altar, tgw_xom
D:4:      layout_basic, uniq_edmund
D:5:      layout_loops_ring, gammafunk_ghost_nasty_kobolds, uniq_pikel,
          uniq_prince_ribbit1
D:6:      layout_rooms, dancing_weapons_uskayaw, old_standard_altar

Skill      XL: |  1  2  3  4  5  6  7  8 |
---------------+-------------------------+-----
Fighting       | 4 5 6 |  6.4
Axes           | 5 6 7 8 10 | 10.0
Dodging        | 3 4 |  4.3
Stealth        | 2 |  2.8
Maces & Flails | 1 |  1.2
Armour         | 1 2 5 |  5.1
Invocations    | |  0.4

Action                   |  1- 3 |  4- 6 |  7- 9 || total
-------------------------+-------+-------+-------++-------
Melee: Hand axe          |    61 |    76 |   159 ||   296
       Club              |       |    21 |       ||    21
Invok: Wall of Briars    |       |       |     2 ||     2
Armor: Robe              |     5 |     8 |       ||    13
       Scale mail        |       |    15 |    76 ||    91
Dodge: Dodged            |    39 |    73 |    77 ||   189

Table legend: (Time is in decaauts)
 A = Elapsed time spent in this place.
 B = Non-inter-level travel time spent in this place.
 C = Inter-level travel time spent in this place.
 D = Time resting spent in this place.
 E = Time spent auto-exploring this place.
 F = Levels seen in this place.
 G = Mean time per level.
                   A        B        C        D        E       F      G
               +--------+--------+--------+--------+--------+-----+--------+
         Total |   4993 |   4836 |    157 |      4 |   3760 |   6 |  832.2 |
       Dungeon |   4993 |   4836 |    157 |      4 |   3760 |   6 |  832.2 |
               +--------+--------+--------+--------+--------+-----+--------+

Top non-repeatable levels by time:
     D:2: 1611 daAuts
     D:4: 1282 daAuts
     D:3: 890 daAuts
     D:1: 700 daAuts
     D:5: 462 daAuts
     D:6: 47 daAuts
